 Dungeon Crawl Stone Soup version 0.25-a0-504-g768f60da87 (webtiles) character file.

Game seed: 15113540506945339451, levelgen mode: deterministic

123 aptinyple the Skirmisher (level 5, 0/47 HPs)
             Began as a Hill Orc Fighter on Feb 14, 2020.
             Slain by a sky beast (6 damage)
             ... on level 2 of the Dungeon.
             The game lasted 00:04:33 (1903 turns).

aptinyple the Skirmisher (Hill Orc Fighter)         Turns: 1903, Time: 00:04:33

Health: 0/47       AC: 10    Str: 20    XL:     5   Next: 7%
Magic:  5/5        EV:  8    Int:  8    God:
Gold:   130        SH:  9    Dex: 10    Spells: 4/4 levels left

rFire    . . .     SeeInvis .   a - +0 war axe
rCold    . . .     Gourm    .   c - +0 kite shield
rNeg     . . .     Faith    .   b - +0 scale mail
rPois    .         Spirit   .   o - +2 helmet
rElec    .         Reflect  .   (no cloak)
rCorr    .         Harm     .   (no gloves)
MR       .....                  (no boots)
Stlth    ..........             q - amulet of inaccuracy (curse)
HPRegen  0.15/turn              (no ring)
MPRegen  0.09/turn              (no ring)

@: no status effects
A: no striking features
a: no special abilities


You were on level 2 of the Dungeon.
You were hungry.

You visited 1 branch of the dungeon, and saw 2 of its levels.

You collected 130 gold pieces.

Inventory:

Hand Weapons
 a - a +0 war axe (weapon)
Armour
 b - a +0 scale mail (worn)
 c - a +0 kite shield (worn)
 o - a +2 helmet (worn)
Jewellery
 q - a cursed amulet of inaccuracy (around neck)
Scrolls
 g - 3 scrolls of enchant armour
 h - a scroll of fear
 j - a scroll of identify
 n - 2 scrolls of amnesia
Potions
 d - a potion of might
 e - a potion of lignification
 i - a potion of flight {unknown}
 k - 2 potions of brilliance
 l - 2 potions of agility
 r - a potion of curing
Comestibles
 f - 4 rations


   Skills:
 + Level 4.4 Fighting
 - Level 2.6 Axes
 - Level 3.2 Armour
 * Level 3.2 Dodging
 - Level 3.2 Shields


You had 4 spell levels left.
You didn't know any spells.
Your spell library was empty.

Dungeon Overview and Level Annotations

Branches:
Dungeon (2/15)

Altars:


Message History

The bat hits you.
* * * LOW HITPOINT WARNING * * *
The sky beast hits you but does no damage.
You miss the sky beast.
The sky beast is heavily wounded.
You block the bat's attack. The bat hits you but does no damage.
You block the sky beast's attack.
The sky beast flickers out of sight!
Deactivating autopickup; reactivate with Ctrl-A.
Something hits you but does no damage.
You barely miss something. You block the bat's attack.
Something hits you but does no damage.
You completely miss something. The bat hits you but does no damage.
Something hits you but does no damage. Something hits you.
* * * LOW HITPOINT WARNING * * *
Something shocks you.
* * * LOW HITPOINT WARNING * * *
You closely miss something. You block the bat's attack. Something hits you.
* * * LOW HITPOINT WARNING * * *
Something shocks you.
You die...

#####################
#..{#............#...
+..b@....##..#...#..#
#...#.##.....#.#....#
+######.....##...#..#.#
....................#..
########.##########...(
#.# #...#.### #.#
#.#.#.#.. #.# #.#.#.#.#
#.# #.#<.....


You could see a bat.

Vanquished Creatures
  Natasha (D:2)
  Robin (D:2)
  2 adders
  2 oozes
  3 dart slugs
  5 leopard geckos
  3 giant cockroaches (D:1)
  10 goblins
  5 hobgoblins
  A jackal (D:1)
  A quokka (D:2)
  6 bats
  A frilled lizard (D:1)
  6 kobolds
  6 rats
53 creatures vanquished.

Notes
Turn   | Place    | Note
-------+----------+-------------------------------------------
     0 | D:1      | aptinyple the Hill Orc Fighter began the quest for the Orb.
     0 | D:1      | Reached XP level 1. HP: 19/19 MP: 1/1
    88 | D:1      | Reached skill level 1 in Dodging
    94 | D:1      | Reached XP level 2. HP: 13/26 MP: 2/2
   692 | D:1      | Reached XP level 3. HP: 31/31 MP: 3/3
   853 | D:2      | Noticed Robin
   951 | D:2      | Reached XP level 4. HP: 21/40 MP: 4/4
   959 | D:2      | Killed Robin
   959 | D:2      | Reached skill level 4 in Fighting
  1483 | D:2      | Noticed Natasha
  1502 | D:2      | Killed Natasha
  1503 | D:2      | Reached XP level 5. HP: 9/47 MP: 5/5
  1882 | D:2      | Noticed a sky beast
  1903 | D:2      | Slain by a sky beast

Levels and vault maps discovered:
D:1:      wander_arrival_chamber, layout_basic, minivault_14,
          minmay_misc_feat_secret_circle, minmay_hexomino_u4
D:2:      minmay_thinvault, layout_basic, uniq_natasha, uniq_robin

Skill      XL: |  1  2  3  4 |
---------------+-------------+-----
Dodging        | 1 2 3 |  3.2
Fighting       | 4 |  4.4
Axes           | |  2.6
Armour         | |  3.2
Shields        | |  3.2

Action                   |  1- 3 |  4- 6 || total
-------------------------+-------+-------++-------
Melee: War axe           |   121 |   111 ||   232
  Use: Scroll            |       |     9 ||     9
       Potion            |       |     1 ||     1
  Eat: Chunk             |       |     3 ||     3
Armor: Scale mail        |    67 |    85 ||   152
Dodge: Dodged            |    46 |    65 ||   111
Block: Kite shield       |    68 |    80 ||   148

Table legend:
 A = Non-vault XP
 B = Vault XP
 C = Vault XP percentage of total XP
 D = Non-vault monster count
 E = Vault monster count
 F = Vault count percentage of total count
                 A         B        C        D         E       F
            +---------+---------+-------+---------+---------+-------
      Total |      72 |     104 |  59.1 |      28 |      25 |  47.2
            +---------+---------+-------+---------+---------+-------
        D:1 |      42 |      31 |  42.5 |      17 |      11 |  39.3
        D:2 |      30 |      73 |  70.9 |      11 |      14 |  56.0
            +---------+---------+-------+---------+---------+-------
